 Dungeon Crawl Stone Soup version 0.31-a0-1066-g35875b3 (webtiles) character file.

Game seed: 16179244392428256505

10522 NeededCrab the Destroyer (level 11, -1/95 HPs)
             Began as a Yellow Draconian Conjurer on Nov 22, 2023.
             Was a Believer of Vehumet.
             Slain by a skeletal warrior
             ... wielding a +0 war axe
              (10 damage)
             ... on level 11 of the Dungeon.
             The game lasted 00:44:24 (13618 turns).

NeededCrab the Destroyer (DrCj)                    Turns: 13618, Time: 00:44:24

Health: -1/95      AC: 18    Str: 10    XL:     11   Next: 37%
Magic:  11/22      EV: 14    Int: 23    God:    Vehumet [**....]
Gold:   621        SH:  0    Dex:  9    Spells: 11/25 levels left

rFire   . . .        E - +5 flail of Veollofyna {protect, rElec}
rCold   . . .        (no shield)
rNeg    . . .        (body armour unavailable)
rPois   .            (helmet restricted)
rElec   +            (no cloak)
rCorr   +            (no gloves)
SInv    .            (no boots)
Will    +....        (no amulet)
Stlth   ++           v - +4 ring of protection
HPRegen 0.35/turn    I - ring of willpower
MPRegen 0.18/turn

%: no passive effects
@: under a protective aura, very slightly contaminated
A: spit acid, AC +7, unfitting armour, cold-blooded, acid resistance
a: Breathe Acid, Renounce Religion


You were on level 11 of the Dungeon.
You worshipped Vehumet.
Vehumet was pleased with you.
You visited 2 branches of the dungeon, and saw 12 of its levels.

You collected 621 gold pieces.

Inventory:

Hand Weapons
 n - the +7 mace of Distant Worlds {heavy, *Noise rPois rN++ Dex+3}
   (You found it on level 2 of the Dungeon)

   Dex+3:     It affects your dexterity (+3).
   rPois:     It protects you from poison rN++: It greatly protects you from
   negative energy.
   *Noise:    It may make a loud noise when swung.
 D - a +1 whip of distortion
 E - the +5 flail of Veollofyna (weapon) {protect, rElec}
   (You found it on level 8 of the Dungeon)

   rElec:     It insulates you from electricity.
Magical Staves
 l - a staff of air
Jewellery
 b - a +6 ring of dexterity
 v - a +4 ring of protection (left hand)
 C - a ring of fire
 I - a ring of willpower (right hand)
 J - a ring of poison resistance
Talismans
 c - a maw talisman
 x - a beast talisman
Wands
 H - a wand of acid (15)
 L - a wand of charming (6)
Scrolls
 d - 4 scrolls of immolation
 e - 2 scrolls of amnesia {unknown}
 g - 2 scrolls of enchant weapon
 h - 5 scrolls of teleportation
 k - 2 scrolls of noise {unknown}
 p - 3 scrolls of fog {unknown}
 q - 2 scrolls of blinking {unknown}
 r - 3 scrolls of enchant armour {unknown}
 t - a scroll of torment {unknown}
 u - a scroll of poison {unknown}
 w - a scroll of summoning {unknown}
 y - a scroll of revelation {unknown}
 K - a scroll of vulnerability {unknown}
Potions
 f - 2 potions of mutation
 i - 3 potions of attraction
 j - 6 potions of enlightenment
 m - 10 potions of curing
 o - 3 potions of brilliance
 z - a potion of haste {unknown}
 A - a potion of invisibility {unknown}
 B - a potion of ambrosia {unknown}
 F - a potion of lignification {unknown}
 G - a potion of berserk rage {unknown}


   Skills:
 + Level 8.8 Fighting
 + Level 7.5 Dodging
 - Level 1.7 Stealth
 + Level 7.6 Spellcasting
 + Level 9.0 Conjurations
 - Level 7.0 Hexes
 + Level 3.1 Translocations


You had 11 spell levels left.
You knew the following spells:

 Your Spells              Type           Power      Damage    Failure   Level
a - Magic Dart            Conj           100%       1d8       1%          1
b - Searing Ray           Conj           100%       2d8       1%          2
c - Dazzling Flash        Conj/Hex       90%        N/A       1%          3
d - Fulminant Prism       Conj/Hex       22%        3d12      2%          4
e - Iskenderun's Mystic   Conj/Tloc      36%        2d9       6%          4

Your spell library contained the following spells:

 Spells                   Type           Power      Damage    Failure   Level
 Shock                    Conj/Air       100%       1d9       1%          1
 Slow                     Hex            100%       N/A       1%          1
 Confusing Touch          Hex            40%        N/A       1%          3
 Sigil of Binding         Hex            40%        N/A       1%          3
 Hailstorm                Conj/Ice       29%        3d8       3%          3
 Necrotise                Necr           32%        1d5       8%          1
 Wereblood                Tmut           8%         N/A       11%         2
 Leda's Liquefaction      Hex/Erth       12%        N/A       17%         4
 Vampiric Draining        Necr           8%         2d6       22%         3
 Irradiate                Conj/Tmut      14%        3d16      30%         5
 Summon Ice Beast         Ice/Summ       8%         N/A       58%         4
 Bombard                  Conj/Erth      14%        9d3       86%         6
 Agony                    Necr           8%         N/A       90%         5
 Lee's Rapid Deconstruct  Erth           4%         3d5*      90%         5
 Simulacrum               Ice/Necr       4%         N/A       100%        6


Dungeon Overview and Level Annotations

Branches:
Dungeon (11/15)            Temple (1/1) D:6            Lair (0/5) D:9
    Orc (0/2) D:10

Altars:
Ashenzari
Cheibriados
Dithmenos
Elyvilon
Fedhas
Gozag
Hepliaklqana
Kikubaaqudgha
Makhleb
Nemelex Xobeh
Okawaru
Qazlal
Ru
Sif Muna
Trog
Uskayaw
Vehumet
Wu Jian
Xom
Yredelemnul
Zin
The Shining One

Shops:
D:2 :


Innate Abilities, Weirdness & Mutations

You can spit globs of acid.
Your golden yellow scales are hard. (AC +7)
You cannot fit into any form of body armour.
You are cold-blooded and may be slowed by cold attacks.
You are resistant to acid. (rCorr)


Message History

The skeletal warrior hits you with a +0 dire flail!!
* * * LOW HITPOINT WARNING * * *
The skeletal warrior attacks as it pursues you!
The skeletal warrior hits you with a +0 dire flail!
* * * LOW HITPOINT WARNING * * *
You hit the skeletal warrior.
Your weapon exudes an aura of protection.
The skeletal warrior is almost destroyed.
The skeletal warrior is no longer covered in acid.
The skeletal warrior hits you with a +0 dire flail!
* * * LOW HITPOINT WARNING * * *
You feel much better. The skeletal warrior misses you.
Casting: Searing Ray (safe; 1% risk of failure)
Confirm with . or Enter, or press ? or * to list all spells.
Aiming: Fulminant Prism (dangerous; 2% risk of failure)
Press: ? - help, Dir - move target, p - skeletal warrior You miscast Fulminant Prism.
You are very lightly contaminated with residual magic.
Nothing appears to happen.
The skeletal warrior hits you with a +0 dire flail!
* * * LOW HITPOINT WARNING * * *
You feel much better.
The skeletal warrior hits you with a +0 dire flail!
* * * LOW HITPOINT WARNING * * *
Casting: Fulminant Prism (dangerous; 2% risk of failure)
Confirm with . or Enter, or press ? or * to list all spells.
Aiming: Fulminant Prism (dangerous; 2% risk of failure)
Press: ? - help, Dir - move target You conjure a prism of explosive energy!
A fulminant prism comes into view.
The skeletal warrior hits you with a +0 dire flail!!
* * * LOW HITPOINT WARNING * * *
You hit the skeletal warrior.
Your weapon exudes an aura of protection.
You destroy the skeletal warrior!
Vehumet accepts your kill.
You have got your breath back.
Your fulminant prism crackles loudly.
The skeletal warrior hits you with a +0 war axe!
You die...

#.....##>##.#####.#
...†.##.##.#####.#
..........z...z..#
####.##.##.#######
####.††#.##z#
..†.###..##.# ##.##
##.##.# #.##
##.#.#########.##
..#
#.#))*.z@.......
..##
##.#.#######.....
.#.## ##.##.# .##
.##.###.###.#
..z...(####.#######
.#######...........
....# #.....######.
###.# #..........
###.###.....#####


You could see a skeletal warrior (ally target) and a friendly fulminant prism.

Vanquished Creatures
  Josephine (D:10)
  3 skeletal warriors (D:11)
  Joseph (D:8)
  Maggie (D:8)
  Psyche (D:8)
  2 trolls (D:9)
  A wyvern (D:10)
  2 wraiths
  23 yaks
  A water moccasin (D:9)
  An orc warrior (D:10)
  3 ice beasts (D:7)
  3 sky beasts
  3 black bears
  2 ogres
  4 centaurs
  3 kobold brigands
  3 bullfrogs
  A gnoll sergeant (D:8)
  2 scorpions
  7 wights
  9 killer bees
  An electric eel (D:10)
  3 howler monkeys
  3 jellies
  3 orc priests
  2 gnoll boudas (D:7)
  4 hounds
  An iguana (D:4)
  5 orc wizards
  10 gnolls
  4 adders
  A shadow imp (D:8)
  2 white imps
  2 ufetubi (D:6)
  3 worms
  3 dart slugs (D:4)
  37 orcs
  10 ball pythons
  3 bats
  4 endoplasms
  5 giant cockroaches
  7 goblins
  5 hobgoblins
  7 jackals
  15 kobolds
  A quokka (D:1)
  3 frilled lizards
  4 rats
225 creatures vanquished.

Vanquished Creatures (others)
  51 fulminant prisms
51 creatures vanquished.

Grand Total: 276 creatures vanquished

Notes
Turn   | Place    | Note
-------+----------+-------------------------------------------
     0 | D:1      | NeededCrab the Draconian Conjurer began the quest for the
                  | Orb.
     0 | D:1      | Reached XP level 1. HP: 14/14 MP: 3/3
   338 | D:1      | Reached XP level 2. HP: 22/22 MP: 1/5
   419 | D:1      | Learned a level 2 spell: Searing Ray
   842 | D:1      | Reached skill level 1 in Fighting
  1562 | D:2      | Reached XP level 3. HP: 28/28 MP: 3/6
  1731 | D:2      | Learned a level 3 spell: Dazzling Flash
  1981 | D:2      | Found Boeqydd's Book Shop.
  2129 | D:2      | Reached skill level 1 in Hexes
  2208 | D:2      | Reached XP level 4. HP: 35/35 MP: 3/7
  2453 | D:2      | Identified the +7 mace of Distant Worlds {heavy, *Noise
                  | rPois rN++ Dex+3}
  2852 | D:3      | Found a hide-covered altar of Uskayaw.
  3137 | D:3      | Found a white marble altar of Elyvilon.
  3312 | D:3      | Identified the +0 dagger of the Unseen Realm {freeze, rF+}
  3531 | D:4      | Noticed an ogre
  3572 | D:4      | Noticed a kobold brigand
  3572 | D:4      | Found an iron altar of Okawaru.
  3577 | D:4      | Killed a kobold brigand
  3578 | D:4      | Reached XP level 5. HP: 31/41 MP: 1/9
  3695 | D:4      | Killed an ogre
  3896 | D:4      | Reached XP level 6. HP: 50/50 MP: 1/10
  4226 | D:4      | Reached skill level 5 in Conjurations
  4853 | D:5      | Entered Level 5 of the Dungeon
  4929 | D:5      | Your scales start taking on a golden yellow colour.
  4929 | D:5      | Reached XP level 7. HP: 57/57 MP: 3/12
  4929 | D:5      | Gained mutation: You are resistant to acid. (rCorr) [Yellow
                  | Draconian growth]
  5166 | D:5      | Found a hazy altar of Hepliaklqana.
  5197 | D:5      | Found a sacrificial altar of Ru.
  5283 | D:5      | Learned a level 4 spell: Fulminant Prism
  6212 | D:6      | Reached XP level 8. HP: 67/67 MP: 9/14
  6406 | D:6      | Found a staircase to the Ecumenical Temple.
  6415 | Temple   | Entered the Ecumenical Temple
  6454 | Temple   | Became a worshipper of Vehumet
  6490 | D:6      | Found a shimmering altar of Xom.
  6491 | D:6      | Found a shimmering altar of Xom.
  6494 | D:6      | Found a shimmering altar of Xom.
  6496 | D:6      | Found a shimmering altar of Xom.
  6496 | D:6      | Found a shimmering altar of Xom.
  6496 | D:6      | Found a shimmering altar of Xom.
  6497 | D:6      | Found a shimmering altar of Xom.
  6812 | D:6      | Found a sparkling altar of Nemelex Xobeh.
  6812 | D:6      | Found an opulent altar of Gozag.
  7093 | D:7      | Reached skill level 6 in Conjurations
  7233 | D:7      | Found a glowing golden altar of the Shining One.
  7585 | D:7      | Reached skill level 5 in Fighting
  7890 | D:7      | Reached skill level 5 in Spellcasting
  8073 | D:7      | Reached skill level 5 in Dodging
  8082 | D:7      | Reached XP level 9. HP: 75/75 MP: 1/16
  8293 | D:7      | Reached * piety under Vehumet
  8293 | D:7      | Offered knowledge of Sandblast by Vehumet.
  8986 | D:8      | Reached skill level 7 in Conjurations
  8989 | D:8      | Reached skill level 5 in Hexes
  9001 | D:8      | Noticed Joseph
  9141 | D:8      | Noticed Psyche
  9155 | D:8      | Killed Psyche
  9274 | D:8      | Identified the +5 flail of Veollofyna {protect, rElec}
  9518 | D:8      | Killed Joseph
  9529 | D:7      | Reached XP level 10. HP: 30/86 MP: 4/19
 10138 | D:8      | Reached skill level 8 in Conjurations
 10138 | D:8      | Noticed Maggie
 10333 | D:8      | Killed Maggie
 10484 | D:8      | Found a burning altar of Makhleb.
 10837 | D:9      | Found a bloodstained altar of Trog.
 10837 | D:9      | Found a blossoming altar of Fedhas.
 10974 | D:9      | Found a staircase to the Lair.
 11184 | D:9      | Offered knowledge of Shock by Vehumet.
 11347 | D:9      | Learned a level 4 spell: Iskenderun's Mystic Blast
 11461 | D:9      | Reached ** piety under Vehumet
 11707 | D:9      | Reached skill level 1 in Translocations
 12010 | D:10     | Entered Level 10 of the Dungeon
 12285 | D:10     | Found an ornate altar of the Wu Jian Council.
 12585 | D:10     | Found a staircase to the Orcish Mines.
 12835 | D:10     | Noticed a two-headed ogre
 12850 | D:10     | Reached XP level 11. HP: 93/94 MP: 6/21
 13021 | D:10     | Noticed Josephine
 13027 | D:10     | Killed Josephine
 13540 | D:11     | Noticed a skeletal warrior
 13542 | D:11     | Noticed a skeletal warrior
 13546 | D:11     | Noticed a skeletal warrior
 13591 | D:11     | Noticed a skeletal warrior
 13608 | D:11     | Killed a skeletal warrior
 13608 | D:11     | Killed a skeletal warrior
 13609 | D:11     | Reached skill level 9 in Conjurations
 13612 | D:11     | HP: 3/95 [skeletal warrior/+0 dire flail (9)]
 13618 | D:11     | Killed a skeletal warrior
 13618 | D:11     | Slain by a skeletal warrior

Illustrated notes

Levels and vault maps discovered:
D:1:      dpeg_arrival_circle_labyrinth_b, layout_basic
D:2:      layout_rooms, serial_shops, nicolae_shop_gibbet_a_chance
D:3:      layout_loops_ring, lemuel_tele_altar, elyvilon_altar_1
D:4:      layout_rooms, nicolae_overflow_hidden_temple, minmay_pentomino_pile
D:5:      layout_rooms, mainiacjoe_overflow_two_lobes
D:6:      layout_loops_ring, grunt_temple_overflow_opulence, xom_redecorated,
          minmay_temple_entry_overgrown
D:7:      layout_gridville, tso_altar, hangedman_abyss_or_decor_stagger,
          amcnicky_mini_corridor_feature
D:8:      layout_rooms, mainiacjoe_overflow_paths, uniq_maggie, uniq_psyche,
          uniq_joseph
D:9:      layout_loops_cross, mainiacjoe_overflow_large_starburst,
          dpeg_oklobed_lair
D:10:     layout_basic, mainiacjoe_overflow_small_starburst, orc_0_dummy,
          grunt_ministairs_14, serial_bayou_lagoon_a, uniq_maurice,
          uniq_josephine
D:11:     layout_loops_ring
Temple:   kb_temple_of_zot

Skill      XL: |  1  2  3  4  5  6  7  8  9 10 11 |
---------------+----------------------------------+-----
Dodging        | 2 3 4 5 6 7 |  7.5
Fighting       | 1 2 3 4 5 7 8 |  8.8
Hexes          | 1 2 3 4 5 6 7 |  7.0
Spellcasting   | 3 4 5 6 7 |  7.6
Conjurations   | 5 6 7 8 9 |  9.0
Translocations | 1 3 |  3.1
Stealth        | |  1.7

Action                     |  1- 3 |  4- 6 |  7- 9 | 10-12 || total
---------------------------+-------+-------+-------+-------++-------
  Melee: Unarmed           |    10 |       |       |       ||    10
         Tailslap          |     2 |       |     6 |       ||     8
         Mace              |       |     4 |    30 |       ||    34
         Flail             |       |       |       |    19 ||    19
   Cast: Magic Dart        |    58 |    70 |    74 |    48 ||   250
         Searing Ray       |     9 |    20 |    60 |    50 ||   139
         Fulminant Prism   |       |       |     7 |    45 ||    52
Ability: Begin Untransform |     1 |       |       |       ||     1
         Breathe Acid      |       |       |    12 |    11 ||    23
    Use: Scroll            |       |       |       |     9 ||     9
         Potion            |       |       |       |     3 ||     3
   Stab: Distracted        |       |     1 |       |       ||     1
 Armour: Skin              |     6 |    20 |    95 |   104 ||   225
  Dodge: Dodged            |    12 |    19 |    79 |    99 ||   209
   Form: Maw               |     1 |       |       |       ||     1
                           |       |       |     1 |       ||     1
         Beast             |       |       |     1 |       ||     1

Table legend: (Time is in decaauts)
 A = Elapsed time spent in this place.
 B = Non-inter-level travel time spent in this place.
 C = Inter-level travel time spent in this place.
 D = Time resting spent in this place.
 E = Time spent auto-exploring this place.
 F = Levels seen in this place.
 G = Mean time per level.
                   A        B        C        D        E       F      G
               +--------+--------+--------+--------+--------+-----+--------+
         Total |  13714 |  13033 |    681 |   3714 |   7429 |  12 | 1142.8 |
       Dungeon |  13644 |  13021 |    623 |   3714 |   7429 |  11 | 1240.4 |
        Temple |     69 |     11 |     58 |      0 |      0 |   1 |   69.0 |
               +--------+--------+--------+--------+--------+-----+--------+

Top non-repeatable levels by time:
     D:7: 2608 daAuts
     D:1: 1684 daAuts
     D:6: 1492 daAuts
     D:9: 1314 daAuts
     D:4: 1173 daAuts
     D:3: 1036 daAuts
     D:2: 990 daAuts
    D:10: 934 daAuts
     D:8: 931 daAuts
     D:5: 892 daAuts
    D:11: 586 daAuts
  Temple: 69 daAuts
